[Event "SlobodaBohor-Borac"]
[Site "Sokobanja"]
[Date "2005.09.28"]
[Round "6.4"]
[White "Djokic, Vladan"]
[Black "Paunovic, Dragan"]
[Result "0-1"]
[ECO "B42"]
[WhiteElo "2294"]
[BlackElo "2503"]
[PlyCount "104"]
[EventDate "2005.??.??"]
[TimeControl "300"]

1. e4 c5 2. Nf3 e6 3. d4 cxd4 4. Nxd4 a6 5. Bd3 Nf6 6. O-O d6 7. c4 b6 8. Nc3
Bb7 9. Qe2 g6 10. b3 Nbd7 11. Bb2 Bg7 12. Rad1 O-O 13. Bb1 Qc7 14. f3 Rfe8 15.
Qd2 Rad8 16. Kh1 Qb8 17. Qf2 Qa8 18. Nc2 Qb8 19. Ne3 Bc6 20. b4 Ne5 21. a3 b5
22. cxb5 axb5 23. Ba2 Qb7 24. Rd2 d5 25. Rfd1 Qb6 26. Ne2 Nc4 27. Bxc4 dxc4 28.
Rxd8 Rxd8 29. Rxd8+ Qxd8 30. Nd4 Nxe4 31. fxe4 Bxd4 32. Qd2 Bf6 33. Qxd8+ Bxd8
34. e5 Kg7 35. Nc2 f6 36. Kg1 fxe5 37. Bxe5+ Bf6 38. Bxf6+ Kxf6 39. Kf2 Ke5 40.
Ke3 Kd6 41. g3 e5 42. Ne1 Ke6 43. Nc2 Kf5 44. h4 h5 45. a4 bxa4 46. Na3 c3 47.
b5 c2 48. Nxc2 Bxb5 49. Kf3 Bd3 50. Na3 e4+ 51. Ke3 Kg4 52. Kf2 Kh3 0-1

[Event "Borac-SlobodaBohor"]
[Site "Sokobanja"]
[Date "2005.09.28"]
[Round "6.4"]
[White "Vratonjic, Slobo"]
[Black "Civric, Zdravko"]
[Result "1-0"]
[ECO "B31"]
[WhiteElo "2455"]
[BlackElo "2200"]
[PlyCount "59"]
[EventDate "2005.??.??"]
[TimeControl "300"]

1. e4 c5 2. Nf3 Nc6 3. Bb5 g6 4. Bxc6 dxc6 5. d3 Bg7 6. O-O e5 7. Be3 Qe7 8. a4
Nf6 9. h3 Nd7 10. Na3 Nf8 11. Nc4 f6 12. c3 Be6 13. Qb3 Rd8 14. Qa3 Bxc4 15.
Bxc5 Qe6 16. dxc4 Qxc4 17. Bxa7 Qxe4 18. Qb3 Rd7 19. Rad1 Qf5 20. Rxd7 Qxd7 21.
Rd1 Qe7 22. Bb8 Ne6 23. Bd6 Qf7 24. a5 Ng5 25. c4 Nxf3+ 26. gxf3 Bf8 27. a6
Bxd6 28. Rxd6 O-O 29. Qxb7 Qxc4 30. Rxc6 1-0

[Event "SlobodaBohor-Borac"]
[Site "Sokobanja"]
[Date "2005.09.28"]
[Round "6.4"]
[White "Andric, Zoran"]
[Black "Marinkovic, Ivan"]
[Result "0-1"]
[ECO "A31"]
[WhiteElo "2260"]
[BlackElo "2444"]
[PlyCount "86"]
[EventDate "2005.??.??"]
[TimeControl "300"]

1. d4 Nf6 2. Nf3 c5 3. c4 cxd4 4. Nxd4 b6 5. Nc3 Bb7 6. f3 e6 7. e4 Nc6 8. Nc2
Qb8 9. Be3 Bd6 10. Qd2 O-O 11. g3 Be5 12. O-O-O Rd8 13. Bd3 Ne7 14. Rhe1 d5 15.
exd5 exd5 16. f4 dxc4 17. fxe5 Rxd3 18. Qe2 Rxd1+ 19. Qxd1 Nfd5 20. Bd4 Bc8 21.
Ne4 Be6 22. Nd6 Qc7 23. Qe2 c3 24. b3 Nf5 25. Nxf5 Bxf5 26. Qf3 Be6 27. Ne3 Rd8
28. Nxd5 Rxd5 29. Bxc3 Qc6 30. Re3 b5 31. Kb2 Qd7 32. Qf2 h6 33. Re2 Qe7 34.
Qf4 Qd8 35. Qb4 Qg5 36. Qf4 Qd8 37. Qb4 Qb6 38. Qf4 a5 39. Rd2 b4 40. Bd4 Qb5
41. Rc2 a4 42. bxa4 Qxa4 43. Rd2 Rd7 0-1

[Event "Borac-SlobodaBohor"]
[Site "Sokobanja"]
[Date "2005.09.28"]
[Round "6.4"]
[White "Narandzic, Vlado"]
[Black "Zivanic, Slobodan"]
[Result "1/2-1/2"]
[ECO "B40"]
[WhiteElo "2346"]
[BlackElo "2262"]
[PlyCount "84"]
[EventDate "2005.??.??"]
[TimeControl "300"]

1. e4 c5 2. Nf3 e6 3. d3 Nc6 4. Nbd2 d6 5. g3 Nf6 6. Bg2 Be7 7. O-O O-O 8. Re1
Rb8 9. a4 a6 10. c3 b5 11. axb5 axb5 12. d4 Qb6 13. e5 dxe5 14. dxe5 Nd7 15.
Qc2 Bb7 16. Nf1 Ra8 17. Rb1 Rfc8 18. h4 c4 19. h5 b4 20. N1h2 Ra2 21. Re4 Na5
22. Rd4 Qb5 23. Bg5 Bf8 24. Bf4 Bc5 25. Ng5 Nf8 26. Bxb7 Qxb7 27. Rdd1 bxc3 28.
Qxc3 h6 29. Ngf3 Bb4 30. Qe3 Bc5 31. Nd4 Rxb2 32. Rxb2 Qxb2 33. Bxh6 Nh7 34.
Qe4 gxh6 35. Ng4 Ng5 36. Nxh6+ Kg7 37. Nhf5+ exf5 38. Qxf5 Bxd4 39. Qxg5+ Kf8
40. Qh6+ Ke8 41. Qh8+ Ke7 42. Qf6+ Ke8 1/2-1/2

[Event "INADizajn-MetalacTakovo"]
[Site "Sokobanja"]
[Date "2005.09.28"]
[Round "6.5"]
[White "Andonov, Bogumil"]
[Black "Rabrenovic, Vladan"]
[Result "0-1"]
[ECO "D70"]
[WhiteElo "2418"]
[BlackElo "2319"]
[PlyCount "76"]
[EventDate "2005.??.??"]
[TimeControl "300"]

1. Nf3 d5 2. d4 Nf6 3. c4 g6 4. cxd5 Nxd5 5. e4 Nb6 6. h3 Bg7 7. Nc3 O-O 8. Be3
Be6 9. d5 Bc8 10. Qb3 c6 11. Rd1 Bd7 12. Be2 Qc8 13. O-O Bxc3 14. Qxc3 cxd5 15.
Qd3 dxe4 16. Qxe4 Nc6 17. Bh6 Re8 18. Rfe1 Be6 19. Ng5 Bxa2 20. Qh4 f6 21. Nxh7
Qe6 22. Bg4 Qf7 23. Rxe7 Qxe7 24. Nxf6+ Kf7 25. Bg5 Rh8 26. Nh7 Qe5 27. Bf4
Rxh7 28. Qxh7+ Qg7 29. Qh4 Re8 30. Rd3 Ne5 31. Bxe5 Rxe5 32. Rf3+ Ke8 33. Ra3
Re1+ 34. Kh2 Qe5+ 35. g3 Bd5 36. Bf3 Qxb2 37. Kg2 Qxa3 38. Bxd5 Nxd5 0-1

[Event "MetalacTakovo-INADizajn"]
[Site "Sokobanja"]
[Date "2005.09.28"]
[Round "6.5"]
[White "Irizanin, Radoje"]
[Black "Muratovic, Alija"]
[Result "0-1"]
[ECO "D35"]
[WhiteElo "2228"]
[BlackElo "2417"]
[PlyCount "118"]
[EventDate "2005.??.??"]
[TimeControl "300"]

1. d4 d5 2. Nf3 Nf6 3. c4 e6 4. Nc3 c6 5. Bg5 Nbd7 6. cxd5 exd5 7. e3 h6 8. Bf4
Nb6 9. Bd3 Bd6 10. Ne5 O-O 11. Qc2 Nh5 12. Bh7+ Kh8 13. Nxf7+ Rxf7 14. Bxd6
Qxd6 15. Bg6 Bf5 16. Bxf5 Raf8 17. Bd3 Rxf2 18. Qxf2 Rxf2 19. Kxf2 c5 20. g3
cxd4 21. exd4 Qf6+ 22. Kg2 Qxd4 23. Rad1 Qb4 24. Rhe1 Nf6 25. Re2 Kg8 26. Rde1
d4 27. Ne4 Ng4 28. Rc1 Ne3+ 29. Kg1 Qe7 30. Nd2 Qd8 31. Nf1 Nbd5 32. Nxe3 Nxe3
33. Bg6 Qd7 34. Rc5 Qe6 35. Bd3 Qxa2 36. Rc8+ Kf7 37. Rc7+ Kf6 38. Rf2+ Ke6 39.
Rc1 Qb3 40. Bg6 Qb6 41. Bd3 Ke5 42. Re1 Qb4 43. Rc1 Qa5 44. h3 Kd6 45. Kh2 h5
46. Rc8 h4 47. Rcf8 hxg3+ 48. Kxg3 Qe5+ 49. Kf3 Qh5+ 50. Kg3 Qg5+ 51. Kf3 Qd5+
52. Kg3 Qe5+ 53. Kf3 g5 54. Be4 Ke7 55. Ke2 Qxe4 56. R2f7+ Kd6 57. Rd8+ Kc5 58.
Rc8+ Kb5 59. Kd2 Nc4+ 0-1

[Event "INADizajn-MetalacTakovo"]
[Site "Sokobanja"]
[Date "2005.09.28"]
[Round "6.5"]
[White "Milisavljevic, Milisav"]
[Black "Radivojevic, Miladin"]
[Result "1/2-1/2"]
[ECO "E62"]
[WhiteElo "2182"]
[BlackElo "2172"]
[PlyCount "168"]
[EventDate "2005.??.??"]
[TimeControl "300"]

1. c4 Nf6 2. Nf3 g6 3. g3 Bg7 4. Bg2 O-O 5. O-O d6 6. d4 Nc6 7. Nc3 Bg4 8. Be3
Nd7 9. Rc1 e5 10. dxe5 Bxf3 11. exf3 Ncxe5 12. b3 Nc5 13. Qd2 Ned3 14. Rb1 a5
15. f4 Nb4 16. f5 Qf6 17. Ne4 Nxe4 18. Bxe4 Nc6 19. fxg6 hxg6 20. Bd5 Kh7 21.
h4 Qf5 22. Rfe1 Rae8 23. Bxc6 bxc6 24. Bd4 Bh6 25. Qd1 Re6 26. Rxe6 fxe6 27.
Rb2 c5 28. Bc3 Bg7 29. Bxg7 Kxg7 30. Qd2 Qe5 31. Rc2 Qe4 32. Rc3 a4 33. Re3 Qf5
34. bxa4 e5 35. a5 Qb1+ 36. Kg2 Qb4 37. Qe2 Qxa5 38. Kg1 Ra8 39. a3 Rb8 40. Qd3
Qa8 41. Re4 Qb7 42. Kg2 Qb1 43. Qe2 Rf8 44. Re3 Qb7+ 45. Kg1 Qb1+ 46. Kg2 Qb7+
47. Kg1 Rf5 48. Qc2 Qa8 49. a4 Rf8 50. Ra3 Qa5 51. Qc3 Qxc3 52. Rxc3 Ra8 53.
Ra3 Ra5 54. Kf1 Kf6 55. Ke2 c6 56. Kd3 d5 57. f3 Kf5 58. Ra1 g5 59. hxg5 Kxg5
60. Ra3 Kf5 61. Ra1 Kg5 62. Ra2 Kf5 63. Ra1 Kf6 64. Ra2 Kf5 65. Ra1 Ke6 66. Ra2
Kd6 67. Kc3 Ra8 68. Kd3 Kc7 69. a5 Rd8 70. Ke3 Kb7 71. Rb2+ Kc7 72. Ra2 Rb8 73.
a6 Rb3+ 74. Ke2 Kb8 75. a7+ Ka8 76. Ra5 Rb2+ 77. Ke1 Rb1+ 78. Ke2 Rb2+ 79. Ke1
Rb3 80. Ke2 Rb2+ 81. Ke1 Rb4 82. Ke2 Rb2+ 83. Ke1 Rb3 84. Ke2 Rb2+ 1/2-1/2

[Event "MetalacTakovo-INADizajn"]
[Site "Sokobanja"]
[Date "2005.09.28"]
[Round "6.5"]
[White "Mirkovic, Stevan"]
[Black "Djakovac, Enes"]
[Result "1/2-1/2"]
[ECO "D17"]
[WhiteElo "2182"]
[BlackElo "2211"]
[PlyCount "76"]
[EventDate "2005.??.??"]
[TimeControl "300"]

1. Nf3 d5 2. d4 Nf6 3. c4 c6 4. Nc3 dxc4 5. a4 Bf5 6. Nh4 e6 7. Nxf5 exf5 8. e3
Bd6 9. Bxc4 O-O 10. Qf3 g6 11. O-O Re8 12. b3 Qe7 13. Bb2 Nbd7 14. a5 Ne4 15.
Nxe4 Qxe4 16. Qxe4 Rxe4 17. Rfc1 Ree8 18. a6 b6 19. Ba3 Be7 20. Bxe7 Rxe7 21.
b4 Rd8 22. Be2 Nb8 23. Bf3 Rc7 24. Rc2 Rdc8 25. Be2 Kf8 26. Rac1 Ke7 27. f3 f6
28. e4 f4 29. g3 g5 30. gxf4 gxf4 31. Kg2 Kd6 32. Kh3 Rg8 33. Bf1 Rg5 34. Rg2
Rcg7 35. Rg4 Rh5+ 36. Kg2 Rhg5 37. Kh3 Rh5+ 38. Kg2 Rhg5 1/2-1/2

[Event "INADizajn-MetalacTakovo"]
[Site "Sokobanja"]
[Date "2005.09.28"]
[Round "6.5"]
[White "Ikic, Alija"]
[Black "Al Atarji, Sami"]
[Result "1-0"]
[ECO "E99"]
[WhiteElo "2106"]
[BlackElo "2099"]
[PlyCount "129"]
[EventDate "2005.??.??"]
[TimeControl "300"]

1. d4 Nf6 2. c4 g6 3. Nc3 Bg7 4. e4 d6 5. Nf3 O-O 6. Be2 e5 7. O-O Nc6 8. d5
Ne7 9. Ne1 Nd7 10. g4 f5 11. f3 Kh8 12. Be3 Ng8 13. Nd3 Bh6 14. Bf2 Qe7 15. b4
a5 16. a3 axb4 17. axb4 Rxa1 18. Qxa1 Ndf6 19. h3 Bd2 20. exf5 gxf5 21. Qb2 Bh6
22. Bh4 Be3+ 23. Bf2 Bh6 24. Bh4 Be3+ 25. Nf2 Qg7 26. Ncd1 Bd4 27. Qc2 Nh5 28.
Kh2 Nf4 29. Nd3 Qh6 30. Nxf4 Qxh4 31. Ng2 Qe7 32. Nde3 fxg4 33. fxg4 Rxf1 34.
Nxf1 Qf6 35. Bd3 Ne7 36. Ng3 Qf2 37. Qxf2 Bxf2 38. Ne4 Bd4 39. Nf6 Ng6 40. Nxh7
Kxh7 41. Nh4 c6 42. Nxg6 Kg7 43. Ne7 Bd7 44. Bf5 Be8 45. Nc8 cxd5 46. cxd5 Bf7
47. Be4 Bc3 48. Nxd6 Bxb4 49. Nxb7 Kf8 50. d6 Be6 51. Bc6 Bxd6 52. Nxd6 Kg7 53.
Kg3 Bb3 54. Be4 Kf6 55. h4 Ke6 56. Nf5 Ba4 57. Ne3 Be8 58. g5 Bh5 59. Bf5+ Kd6
60. Bg4 Bf7 61. h5 Ke7 62. g6 Be8 63. Kh4 Kf6 64. Nd5+ Kg7 65. Kg5 1-0